 Dungeon Crawl Stone Soup version 0.25-a0-890-g62861fb (webtiles) character file.

Game seed: 9723358463478957348, levelgen mode: deterministic

97 Faca the Skirmisher (level 4, 0/39 HPs)
             Began as a Barachi Fighter on May 8, 2020.
             Slain by an adder (1 damage)
             ... on level 3 of the Dungeon.
             The game lasted 00:03:28 (1855 turns).

Faca the Skirmisher (Barachi Fighter)               Turns: 1855, Time: 00:03:28

Health: 0/39       AC:  9    Str: 18    XL:     4   Next: 68%
Magic:  4/4        EV:  4    Int:  9    God:
Gold:   120        SH:  9    Dex: 11    Spells: 3/3 levels left

rFire    . . .     SeeInvis .   a - +0 long sword
rCold    . . .     Gourm    .   c - +0 kite shield
rNeg     . . .     Faith    .   h - +0 chain mail
rPois    .         Spirit   .   (no helmet)
rElec    .         Reflect  .   (no cloak)
rCorr    .         Harm     .   (no gloves)
MR       .....                  (no boots)
Stlth    ..........             (no amulet)
HPRegen  0.13/turn              (no ring)
MPRegen  0.09/turn              (no ring)

@: lethally poisoned (0 -> -5), slow
A: +LOS, swims, slowness 1, strong legs 1
a: Hop


You were on level 3 of the Dungeon.
You were not hungry.

You visited 1 branch of the dungeon, and saw 3 of its levels.

You collected 120 gold pieces.

Inventory:

Hand Weapons
 a - a +0 long sword (weapon)
 g - a +3 dagger
Missiles
 e - 3 curare-tipped darts (quivered)
 l - a throwing net
Armour
 c - a +0 kite shield (worn)
 h - a +0 chain mail (worn)
Scrolls
 b - a scroll of identify
 k - a scroll of remove curse
Potions
 d - 2 potions of might
 j - a potion of flight
Comestibles
 f - 4 rations


   Skills:
 + Level 5.1 Fighting
 + Level 4.3 Long Blades
 - Level 3.6 Armour
 - Level 3.2 Shields


You had 3 spell levels left.
You didn't know any spells.
Your spell library was empty.

Dungeon Overview and Level Annotations

Branches:
Dungeon (3/15)

Altars:


Innate Abilities, Weirdness & Mutations

You can be seen from farther away. (+LOS)
You can swim through water.
You cover ground slowly.
You can hop short distances.


Message History

The adder is almost dead.
You feel sick. The adder bites you but does no damage.
You hit the adder but do no damage.
The adder is almost dead.
The adder bites you.
* * * LOW HITPOINT WARNING * * *
You are more poisoned.
The adder poisons you! The adder barely misses you.
You riposte.
You miss the adder.
The adder is almost dead.
You closely miss the adder.
The adder is almost dead.
* * * LOW HITPOINT WARNING * * *
You feel sick. You block the adder's attack.
Okay, then.
You miss the adder.
The adder is almost dead.
* * * LOW HITPOINT WARNING * * *
You feel sick. The adder bites you.
You die...

###
################.#
#.#..............#
#..............#.#
#.#รท##########.#@#
#.#.# #<#.#S# #.#.#
#.#.#.. #.#.#
#.#.#.## #.#.#
#.#.#.. #.#.#
#.#.#.# #.#.#
#.#.#.# #.#.#
#.#.#.# #.#.#
#.#.#.#


You could see an adder.

Vanquished Creatures
  3 adders (D:2)
  An ooze (D:1)
  A worm (D:2)
  2 leopard geckos
  A ball python (D:2)
  6 giant cockroaches
  6 goblins
  4 hobgoblins
  6 jackals (D:1)
  10 bats
  5 frilled lizards
  5 kobolds
  11 rats
61 creatures vanquished.

Notes
Turn   | Place    | Note
-------+----------+-------------------------------------------
     0 | D:1      | Faca the Barachi Fighter began the quest for the Orb.
     0 | D:1      | Reached XP level 1. HP: 18/18 MP: 1/1
    71 | D:1      | Reached XP level 2. HP: 8/25 MP: 2/2
   388 | D:1      | Reached skill level 4 in Fighting
   501 | D:1      | Reached XP level 3. HP: 31/31 MP: 3/3
  1078 | D:2      | Reached XP level 4. HP: 38/38 MP: 4/4
  1127 | D:2      | Reached skill level 5 in Fighting
  1855 | D:3      | HP: 1/39 [poisoned by an adder]
  1855 | D:3      | Slain by an adder

Levels and vault maps discovered:
D:1:      sevenhm_arrival_forest_fort_small_3, layout_rooms, serial_bayou_ford_a
D:2:      layout_loops_ring, st_stairs_12
D:3:      minmay_octagon_keep, layout_basic, first_ration,
          hangedman_decor_growths, chequers_serial_rivers_small_3

Skill      XL: |  1  2  3  4 |
---------------+-------------+-----
Fighting       | 4 5 |  5.1
Long Blades    | 3 4 |  4.3
Armour         | |  3.6
Shields        | |  3.2

Action                   |  1- 3 |  4- 6 || total
-------------------------+-------+-------++-------
Melee: Long sword        |   148 |    89 ||   237
  Use: Scroll            |     6 |     2 ||     8
  Eat: Chunk             |     1 |     3 ||     4
Armor: Scale mail        |    35 |       ||    35
       Chain mail        |    65 |    60 ||   125
Dodge: Dodged            |    43 |    14 ||    57
Block: Kite shield       |    80 |    52 ||   132
       Rpst.: Long sword |    12 |     5 ||    17

Table legend:
 A = Non-vault XP
 B = Vault XP
 C = Vault XP percentage of total XP
 D = Non-vault monster count
 E = Vault monster count
 F = Vault count percentage of total count
                 A         B        C        D         E       F
            +---------+---------+-------+---------+---------+-------
      Total |     124 |      15 |  10.8 |      59 |       2 |   3.3
            +---------+---------+-------+---------+---------+-------
        D:1 |      64 |       0 |   0.0 |      37 |       0 |   0.0
        D:2 |      58 |      15 |  20.5 |      20 |       2 |   9.1
        D:3 |       2 |       0 |   0.0 |       2 |       0 |   0.0
            +---------+---------+-------+---------+---------+-------
